 Dungeon Crawl Stone Soup version 0.27.0-1-g7a089689b8 (webtiles) character file.

Game seed: 13473988175118125294

1477 gimp the Cleaver (level 8, 0/67 HPs)
             Began as a Barachi Chaos Knight on Aug 2, 2021.
             Was a Plaything of Xom.
             Succumbed to a green ugly thing's poison
             ... on level 6 of the Dungeon.
             The game lasted 00:09:44 (6229 turns).

gimp the Cleaver (Barachi Chaos Knight)             Turns: 6229, Time: 00:09:45

Health: 0/67       AC: 11    Str: 13    XL:     8   Next: 79%
Magic:  8/8        EV:  9    Int: 13    God:    Xom [..*...]
Gold:   206        SH:  0    Dex: 12    Spells: 7/7 levels left

rFire    . . .     SeeInvis .   a - +0 hand axe
rCold    . . .     Faith    .   (no shield)
rNeg     . . .     Spirit   .   f - +4 scale mail
rPois    .         Reflect  .   (no helmet)
rElec    +         Harm     .   (no cloak)
rCorr    .         Rampage  .   (no gloves)
Will     .....     Rnd*Rage +   (no boots)
Stlth    ..........             (no amulet)
HPRegen  0.21/turn              (no ring)
MPRegen  0.11/turn              (no ring)

@: lethally poisoned (0 -> -29), unable to read, on berserk cooldown, very
slightly contaminated, slowed, invisible, very slow
A: amphibious, slowness 1, strong legs 1, +LOS, berserk 1, electricity
resistance, weak 1, inability to read while threatened
a: Hop, Renounce Religion


You were on level 6 of the Dungeon.
You worshipped Xom.
You were a toy of Xom.
You visited 2 branches of the dungeon, and saw 7 of its levels.

You collected 206 gold pieces.

Inventory:

Hand Weapons
 a - a +0 hand axe (weapon)
 b - a +2 dagger of venom
 p - a +0 hand axe of chaos
Missiles
 o - 11 poisoned darts (quivered)
Armour
 f - a +4 scale mail (worn)
Scrolls
 c - 2 scrolls of enchant weapon {unknown}
 d - 4 scrolls of summoning {unknown}
 g - 5 scrolls of identify
 h - a scroll of vulnerability {unknown}
 i - a scroll of fear {unknown}
 j - 2 scrolls of enchant armour {unknown}
 l - 2 scrolls of immolation {unknown}
 q - a scroll of blinking {unknown}
Potions
 e - a potion of berserk rage
 k - a potion of curing
 m - a potion of lignification {unknown}
 n - 2 potions of heal wounds {unknown}


   Skills:
 + Level 7.3 Fighting
 * Level 8.9 Axes
 + Level 6.8 Armour
 - Level 1.1 Dodging


You had 7 spell levels left.
You didn't know any spells.
Your spell library contained the following spells:

 Spells                   Type           Power      Damage    Failure   Level
 Magic Dart               Conj           0%         1d3       77%         1
 Call Imp                 Summ           0%         N/A       88%         2
 Mephitic Cloud           Conj/Pois/Air  0%         N/A       98%         3


Dungeon Overview and Level Annotations

Branches:
Dungeon (6/15)             Temple (1/1) D:6

Altars:
Ashenzari
Cheibriados
Dithmenos
Elyvilon
Fedhas
Gozag
Hepliaklqana
Nemelex Xobeh
Okawaru
Qazlal
Ru
Sif Muna
Uskayaw
Vehumet
Wu Jian
Xom
Zin
The Shining One

Annotations:
D:4 1 runed translucent door, Blork the orc; Edmund; asterach's ghost, amateur VSFi
D:6 exclusion: 2 doors


Innate Abilities, Weirdness & Mutations

You are amphibious.
You cover ground slowly.
You can hop short distances.
You have an extended range of vision and can be seen from far away.
You tend to lose your temper in combat.
You are resistant to electric shocks. (rElec)
You are weak. (Str -2)
You sometimes lose the ability to read scrolls when taking damage.


Message History

The green ugly thing is severely wounded.
You feel sick. The green ugly thing bites you!
You feel threatened and lose the ability to read scrolls!
You are lethally poisoned!
The green ugly thing poisons you!
You take 11 damage, and have 35/97 hp.
You hit the green ugly thing.
The green ugly thing is severely wounded.
* * * LOW HITPOINT WARNING * * *
You feel extremely sick.
You take 7 damage, and have 28/97 hp.
You hit the green ugly thing.
The green ugly thing is severely wounded.
* * * LOW HITPOINT WARNING * * *
You feel extremely sick.
The green ugly thing closely misses you.
You take 7 damage, and have 21/97 hp.
You slash the green ugly thing!
The green ugly thing is almost dead.
* * * LOW HITPOINT WARNING * * *
You feel very sick.
You take 5 damage, and have 16/97 hp.
You hit the green ugly thing.
You kill the green ugly thing!
* * * LOW HITPOINT WARNING * * *
You feel very sick.
Your Fighting skill increases to level 7!
You take 4 damage, and have 12/100 hp.
You are too berserk!
You are too berserk!
Unknown command.
* * * LOW HITPOINT WARNING * * *
You feel very sick.
You take 6 damage, and have 6/100 hp.
You feel a strong urge to attack something.
You are no longer berserk.
You are exhausted.
You feel yourself slow down.
You die...
Xom chuckles heartily!

#..>(.))# #....# #.....###
#..... #.....# #.....
#.....# #####.
##################### #.
..[....'.....#......# #.
########.....#...!..######)
#.#.<.+......+......
#.#@###..h...####### #.#.#
......#
#.###.#.#.##########
...............#
..###.#.#.####.# #####
#.#.# #.# #...# #.#.#
#.######...#
#.#.####..........#
#.#.##............#


There were no monsters in sight!

Vanquished Creatures
  An ugly thing (D:6)
  An orc warrior (D:5)
  A sky beast (D:6)
  An ogre (D:6)
  2 necrophages
  A centaur (D:6)
  A kobold brigand (D:6)
  A wyvern zombie (D:4)
  A hound (D:6)
  2 bullfrog skeletons
  An orc priest (D:5)
  2 centaur skeletons
  Jessica (D:3)
  4 orc wizards (D:5)
  An iguana (D:6)
  A killer bee zombie (D:3)
  A hound skeleton (D:4)
  An adder (D:3)
  3 gnolls
  An adder skeleton (D:5)
  2 dart slugs (D:1)
  12 orcs
  3 endoplasms
  A giant cockroach (D:1)
  4 goblins
  2 hobgoblins (D:1)
  5 kobolds
  3 quokkas
  3 ball pythons
  2 bats
  3 frilled lizards
  5 rats
73 creatures vanquished.

Notes
Turn   | Place    | Note
-------+----------+-------------------------------------------
     0 | D:1      | gimp the Barachi Chaos Knight began the quest for the Orb.
     0 | D:1      | Reached XP level 1. HP: 18/18 MP: 1/1
    44 | D:1      | XOM: silly message
   161 | D:1      | XOM: silly message
   337 | D:1      | Reached XP level 2. HP: 25/25 MP: 2/2
   964 | D:1      | XOM: silly message
   996 | D:1      | Found a faded altar of an unknown god.
  1038 | D:2      | Noticed Terence
  1048 | D:1      | Noticed Terence
  1048 | D:1      | Terence changed into Terence the quokka
  1052 | D:1      | Killed Terence the quokka
  1207 | D:2      | Found a radiant altar of Vehumet.
  1430 | D:2      | Reached skill level 4 in Axes
  1430 | D:2      | Reached XP level 3. HP: 27/30 MP: 3/3
  2137 | D:3      | XOM: smoke on damage
  2277 | D:3      | Found a sparkling altar of Nemelex Xobeh.
  2295 | D:3      | Reached XP level 4. HP: 37/37 MP: 4/4
  2304 | D:3      | Noticed Jessica
  2318 | D:3      | Killed Jessica
  2482 | D:2      | XOM: give mutations
  2482 | D:2      | Gained mutation: Your flesh is cold resistant. (rC+) [Xom's
                  | mischief]
  2482 | D:2      | Lost mutation: Your flesh is cold resistant. (rC+) [Xom's
                  | mischief]
  2482 | D:2      | Gained mutation: You have a pair of small antennae on your
                  | head. [Xom's mischief]
  2551 | D:3      | XOM: summons 2 hostile demons
  2950 | D:3      | Noticed a shapeshifter
  2950 | D:3      | a quokka changed into a shapeshifter
  2950 | D:3      | Noticed a polar bear
  2950 | D:3      | a shapeshifter changed into a polar bear
  2968 | D:4      | XOM: stealth player
  2981 | D:4      | Reached skill level 5 in Axes
  2981 | D:4      | Reached XP level 5. HP: 25/43 MP: 5/5
  3236 | D:4      | Found a runed translucent door.
  3240 | D:4      | Noticed asterach's ghost (amateur VSFi)
  3290 | D:4      | Noticed Blork the orc
  3295 | D:4      | XOM: cast spell 'Leda's Liquefaction'
  3306 | D:4      | Lost mutation: You have a pair of small antennae on your
                  | head. [potion of mutation]
  3306 | D:4      | Gained mutation: You are resistant to electric shocks.
                  | (rElec) [potion of mutation]
  3306 | D:4      | Gained mutation: You are partially covered in iridescent
                  | scales. (AC +2) [potion of mutation]
  3306 | D:4      | Gained mutation: Your mind is acute. (Int +2) [potion of
                  | mutation]
  3306 | D:4      | Gained mutation: You have large cloven feet. [potion of
                  | mutation]
  3551 | D:2      | XOM: cloud trail
  3647 | D:4      | Noticed an ogre
  3651 | D:4      | Noticed Edmund
  3653 | D:5      | Entered Level 5 of the Dungeon
  3677 | D:5      | Reached skill level 5 in Fighting
  3677 | D:5      | Reached XP level 6. HP: 50/51 MP: 6/6
  3826 | D:5      | Noticed an orc warrior
  3845 | D:5      | XOM: confuse monster(s)
  3858 | D:5      | Killed an orc warrior
  3859 | D:5      | Reached skill level 6 in Axes
  4043 | D:5      | XOM: 1-stop teleportation journey
  4366 | D:5      | XOM: stat loss: -1 Int (13/15)
  4434 | D:5      | Found a shimmering altar of Xom.
  4593 | D:4      | Noticed a necrophage
  4603 | D:5      | Reached XP level 7. HP: 40/56 MP: 7/7
  4699 | D:5      | XOM: enchant monster (bad)
  4785 | D:4      | Reached skill level 5 in Armour
  4828 | D:6      | XOM: give mutations
  4828 | D:6      | Lost mutation: You are partially covered in iridescent
                  | scales. (AC +2) [Xom's mischief]
  4828 | D:6      | Gained mutation: You are partially covered in iridescent
                  | scales. (AC +2) [Xom's mischief]
  4828 | D:6      | Lost mutation: You are partially covered in iridescent
                  | scales. (AC +2) [Xom's mischief]
  4844 | D:6      | XOM: give mutation
  4844 | D:6      | Gained mutation: You sometimes lose the ability to read
                  | scrolls when taking damage. [Xom's mischief]
  4904 | D:6      | XOM: butterfly on damage
  4910 | D:6      | XOM: smoke on damage
  4915 | D:6      | XOM: enchant monster (bad)
  4946 | D:5      | XOM: chaos upgrade
  5145 | D:6      | Noticed a purple ugly thing
  5150 | D:6      | XOM: polymorph purple ugly thing -> green ugly thing
  5162 | D:6      | XOM: give mutations
  5162 | D:6      | Lost mutation: Your mind is acute. (Int +2) [Xom's
                  | mischief]
  5162 | D:6      | Lost mutation: You sometimes lose the ability to read
                  | scrolls when taking damage. [Xom's mischief]
  5162 | D:6      | Gained mutation: You tend to lose your temper in combat.
                  | [Xom's mischief]
  5224 | D:6      | Found a staircase to the Ecumenical Temple.
  5238 | D:6      | Reached skill level 7 in Axes
  5287 | Temple   | Entered the Ecumenical Temple
  5400 | Temple   | XOM: give mutations
  5400 | Temple   | Lost mutation: You have large cloven feet. [Xom's mischief]
  5400 | Temple   | Gained mutation: You sometimes lose the ability to read
                  | scrolls when taking damage. [Xom's mischief]
  5400 | Temple   | Gained mutation: You are weak. (Str -2) [Xom's mischief]
  5549 | D:6      | XOM: 1-stop teleportation journey
  5560 | D:6      | XOM: potion effect (might)
  5568 | D:6      | XOM: potion effect (curing)
  5579 | D:6      | XOM: potion effect (curing)
  5581 | D:6      | Reached XP level 8. HP: 38/65 MP: 8/8
  5762 | D:6      | Found a snail-covered altar of Cheibriados.
  5763 | D:6      | Found a hide-covered altar of Uskayaw.
  5765 | D:6      | Found a white marble altar of Elyvilon.
  5769 | D:6      | Found a stormy altar of Qazlal.
  5814 | D:6      | Found an opulent altar of Gozag.
  5938 | D:6      | XOM: silly message
  6010 | D:6      | Reached skill level 8 in Axes
  6209 | D:6      | XOM: potion effect (berserk rage)
  6211 | D:6      | XOM: potion effect (invisibility)
  6227 | D:6      | Killed a green ugly thing
  6229 | D:6      | Succumbed to a green ugly thing's poison

Illustrated notes

Levels and vault maps discovered:
D:1:      mrwooster_arrival_statue_2, layout_loops_ring,
          shapermc_ecumenical_altar_mp_vishouse
D:2:      layout_basic, basic_altar, uniq_terence
D:3:      layout_basic, yredelemnul_altar_generic,
          mainiacjoe_overflow_boulevard, serial_shops, shop,
          chequers_serial_rivers_large_a, uniq_jessica
D:4:      layout_loops_ring, makhleb_heckhound_becter, ebering_ghost_sewer_d,
          uniq_edmund, uniq_blork_the_orc
D:5:      layout_loops_corners, general_overflow_altar, serial_bayou_pond_d
D:6:      layout_basic, minitemple, grunt_gozag_statues,
          overflow_temple_1_default, temple_green, kennysheep_generic_room_6
Temple:   jpeg_temple_alley_garden

Skill      XL: |  1  2  3  4  5  6  7  8 |
---------------+-------------------------+-----
Fighting       | 4 5 6 7 |  7.3
Axes           | 4 5 6 7 8 |  8.9
Armour         | 3 4 5 6 |  6.8
Dodging        | |  1.1

Action                   |  1- 3 |  4- 6 |  7- 9 || total
-------------------------+-------+-------+-------++-------
Melee: Hand axe          |    78 |   141 |   127 ||   346
       Kick              |       |    14 |    17 ||    31
       Unarmed           |       |       |     4 ||     4
Throw: Dart              |       |       |     8 ||     8
 Abil: Hop               |       |     3 |     3 ||     6
  Use: Potion            |       |     3 |     2 ||     5
       Scroll            |       |       |     1 ||     1
 Stab: Paralysed         |     2 |       |       ||     2
       Confused          |       |       |     1 ||     1
       Invisible         |       |       |     3 ||     3
Armor: Leather armour    |    10 |       |       ||    10
       Scale mail        |    39 |   107 |    76 ||   222
       Skin              |       |       |     2 ||     2
Dodge: Dodged            |    44 |    84 |    56 ||   184
